 Dungeon Crawl Stone Soup version 0.26.0-45-g9c1d065592 (webtiles) character file.

Game seed: 7415198618422005533

888 Hehehe the Cleaver (level 7, 0/55 HPs)
             Began as a Deep Dwarf Fighter on Jan 28, 2021.
             Shot with an arrow by a centaur (8 damage)
             ... on level 5 of the Dungeon.
             The game lasted 00:06:52 (2589 turns).

Hehehe the Cleaver (Deep Dwarf Fighter)             Turns: 2589, Time: 00:06:52

Health: 0/55       AC:  8    Str: 22      XL:     7   Next: 77%
Magic:  7/7        EV:  7    Int:  8      God:
Gold:   185        SH: 10    Dex: 12 (14) Spells: 6/6 levels left

rFire    . . .     SeeInvis .   r - +9 trident "Goisirav" {flame, rN+}
rCold    . . .     Faith    .   c - +0 kite shield
rNeg     + . .     Spirit   .   b - +0 scale mail
rPois    .         Reflect  .   (helmet restricted)
rElec    .         Harm     .   (no cloak)
rCorr    .         Rampage  .   (no gloves)
Will     +....                  (no boots)
Stlth    ..........             (no amulet)
HPRegen  0.00/turn              (no ring)
MPRegen  0.10/turn              (no ring)

@: non-regenerating
A: damage resistance, heal wounds, antennae 1, agile 1, frail 1, sense
surroundings 1, shaggy fur 1, no regeneration
a: Heal Wounds


You were on level 5 of the Dungeon.
You visited 1 branch of the dungeon, and saw 5 of its levels.

You collected 185 gold pieces.

Inventory:

Hand Weapons
 a - a +0 war axe
 r - the +9 trident "Goisirav" (weapon) {flame, rN+}
   (You found it on level 4 of the Dungeon)

   It has been specially enchanted to burn those struck by it, causing extra
   injury to most foes and up to half again as much damage against particularly
   susceptible opponents.
   It protects you from negative energy.
Armour
 b - a +0 scale mail (worn)
 c - a +0 kite shield (worn)
Jewellery
 j - an uncursed ring of see invisible {unknown}
Wands
 o - a wand of paralysis (5)
 p - a wand of flame (23)
Scrolls
 e - 5 scrolls of identify {unknown}
 f - 2 scrolls of immolation {unknown}
 g - 3 scrolls of enchant weapon {unknown}
 h - a scroll of magic mapping {unknown}
 i - 4 scrolls of remove curse {unknown}
 k - 2 scrolls of enchant armour {unknown}
 l - 2 scrolls of fog {unknown}
 m - a scroll of amnesia {unknown}
 q - a scroll of blinking {unknown}
 s - a scroll of teleportation {unknown}
Potions
 d - a potion of might
 n - a potion of haste


   Skills:
 + Level 3.5 Fighting
 - Level 13.7(13.8) Axes
 + Level 1.6(7.8) Polearms
 + Level 4.2 Armour
 + Level 4.2 Shields


You had 6 spell levels left.
You didn't know any spells.
Your spell library contained the following spells:

 Spells                   Type           Power        Failure   Level
 Confusing Touch          Hex            0%           100%        3
 Gell's Gravitas          Tloc           0%           100%        3
 Petrify                  Tmut/Erth      0%           100%        4
 Metabolic Englaciation   Hex/Ice        0%           100%        5
 Yara's Violent Unravell  Hex/Tmut       0%           100%        5


Dungeon Overview and Level Annotations

Branches:
Dungeon (5/15)
 Temple: D:4-7

Altars:
Fedhas
Kikubaaqudgha
Nemelex Xobeh
Zin


Innate Abilities, Weirdness & Mutations

You are resistant to damage.
You can heal yourself by infusing magical energy.
You passively map a small area around you.
You do not regenerate.
You have a pair of small antennae on your head.
You are agile. (Dex +2)
You are frail. (-10% HP)
You are covered in fur. (AC +1)


Message History

You hit the gnoll. You burn the gnoll.
The gnoll is heavily wounded.
The centaur wields a +0 shortbow.
The centaur shoots an arrow.
You block the arrow. The gnoll hits you but does no damage.
The centaur shoots an arrow.
The arrow hits you.
* * * LOW HITPOINT WARNING * * *
You hit the gnoll. You burn the gnoll.
The gnoll is almost dead.
You block the gnoll's attack.
Unknown command.
You closely miss the gnoll.
The gnoll is almost dead.
The centaur shoots an arrow.
The arrow barely misses you.
A worker ant comes into view.
The gnoll hits you but does no damage.
The centaur shoots an arrow.
The arrow hits you.
* * * LOW HITPOINT WARNING * * *
You block the gnoll's attack.
You fail to use your ability.
The centaur shoots an arrow.
The arrow hits you!
You die...

, , , * ### , #.#
#### * ###.# #...#. ,
. #....**#⌠.⌠... ,
... #...# .._... ,
....#...###.⌠.⌠#.. *
..........(.#.....
,.......((<@gg.....,,
..##.......g...$..
......$........... ,
* ..................
..........c.....#.*
...#............#
...##....B........ ,
## ,..!.....#...#. ,
* ***


You could see a centaur, a worker ant and 3 gnolls.

Vanquished Creatures
  Edmund (D:5)
  2 phantoms (D:4)
  2 centaurs
  A howler monkey (D:4)
  2 orc wizards (D:4)
  Terence (D:3)
  A worker ant (D:4)
  6 adders (D:2)
  An ooze (D:1)
  An adder skeleton (D:4)
  A worm (D:4)
  5 leopard geckos
  8 orcs
  2 giant cockroaches
  5 hobgoblins
  14 jackals
  2 quokkas
  A ball python (D:1)
  10 bats
  6 frilled lizards
  5 goblins
  3 kobolds
  A quokka skeleton (D:4)
  4 rats
85 creatures vanquished.

Vanquished Creatures (others)
  A human (D:4)
  5 toadstools (D:1)
6 creatures vanquished.

Grand Total: 91 creatures vanquished

Notes
Turn   | Place    | Note
-------+----------+-------------------------------------------
     0 | D:1      | Hehehe the Deep Dwarf Fighter began the quest for the Orb.
     0 | D:1      | Reached XP level 1. HP: 20/20 MP: 1/1
    85 | D:1      | Reached skill level 3 in Axes
    89 | D:1      | Reached XP level 2. HP: 27/27 MP: 2/2
   176 | D:1      | You fall into a shaft and drop 1 floor!
   220 | D:1      | Reached XP level 3. HP: 31/33 MP: 3/3
   277 | D:1      | Reached skill level 4 in Axes
   669 | D:2      | Reached XP level 4. HP: 26/40 MP: 4/4
   678 | D:2      | Reached skill level 5 in Axes
  1242 | D:3      | Gained mutation: You are agile. (Dex +2) [potion of
                  | mutation]
  1242 | D:3      | Gained mutation: You are frail. (-10% HP) [potion of
                  | mutation]
  1242 | D:3      | Gained mutation: You have a pair of small antennae on your
                  | head. [potion of mutation]
  1242 | D:3      | Gained mutation: You are covered in fur. (AC +1) [potion of
                  | mutation]
  1433 | D:3      | Noticed Terence
  1443 | D:3      | Killed Terence
  1444 | D:3      | Reached XP level 5. HP: 39/41 MP: 5/5
  1496 | D:3      | Found a glowing silver altar of Zin.
  1799 | D:4      | Found a blossoming altar of Fedhas.
  1800 | D:4      | Noticed a centaur
  1811 | D:4      | Reached skill level 13 in Axes
  1811 | D:4      | Reached XP level 6. HP: 27/49 MP: 6/6
  2055 | D:4      | Got an iridescent trident
  2056 | D:4      | Identified the +9 trident "Goisirav" {flame, rN+} (You
                  | found it on level 4 of the Dungeon)
  2109 | D:4      | Reached XP level 7. HP: 34/55 MP: 7/7
  2371 | D:4      | Reached skill level 1 in Polearms
  2458 | D:4      | Found an ancient bone altar of Kikubaaqudgha.
  2458 | D:4      | Noticed a human
  2558 | D:4      | Killed a human
  2569 | D:5      | Entered Level 5 of the Dungeon
  2569 | D:5      | Found a sparkling altar of Nemelex Xobeh.
  2569 | D:5      | Noticed Edmund
  2579 | D:5      | Killed Edmund
  2589 | D:5      | Shot with an arrow by a centaur

Illustrated notes

Levels and vault maps discovered:
D:1:      ldierk_walled_garden, layout_loops_cross
D:2:      layout_rooms, grunt_decor_mini_mirrors, st_stairs_4
D:3:      layout_basic, lemuel_coloured_pillars_altar, uniq_terence
D:4:      layout_cave_pods, fedhas_bush_and_centaur_altar, tgw_kikubaaqudgha
D:5:      layout_cave_pools, nemelex_xobeh_ov_fountains_minmay,
          serial_gnoll_camp, gnoll_camp_mini_shop, gnoll_camp_mini_sergeant,
          gnoll_camp_mini_hut, gnoll_camp_medium_02, serial_shops, shop,
          okawaru_ov_weapons_minmay, uniq_edmund, uniq_pikel

Skill      XL: |  1  2  3  4  5  6  7 |
---------------+----------------------+-----
Axes           | 3 4 5 13 | 13.7
Fighting       | 3 |  3.5
Polearms       | 1 |  1.6
Armour         | 4 |  4.2
Shields        | 4 |  4.2

Action                   |  1- 3 |  4- 6 |  7- 9 || total
-------------------------+-------+-------+-------++-------
Melee: War axe           |   111 |   115 |       ||   226
       Trident           |       |    10 |    47 ||    57
 Abil: Heal Wounds       |       |     1 |     1 ||     2
  Use: Potion            |       |     7 |       ||     7
Armor: Scale mail        |    55 |    47 |    13 ||   115
Dodge: Dodged            |    54 |    30 |    11 ||    95
Block: Kite shield       |    63 |    56 |    22 ||   141
